 Dungeon Crawl Stone Soup version 0.28-a0-948-gee6e0bcda6 (webtiles) character file.

Game seed: 13323862361423223261

20 HessuHobo the Stinger (level 2, -1/24 HPs)
             Began as an Ogre Venom Mage on Nov 30, 2021.
             Slain by a jackal (2 damage)
             ... on level 1 of the Dungeon.
             The game lasted 00:05:13 (471 turns).

HessuHobo the Stinger (Ogre Venom Mage)              Turns: 471, Time: 00:05:13

Health: -1/24      AC:  3    Str: 11    XL:     2   Next: 79%
Magic:  0/5        EV:  9    Int: 16    God:
Gold:   30         SH:  0    Dex:  9    Spells: 5/6 levels left

rFire   . . .      SeeInvis .   d - +0 dagger
rCold   . . .      Faith    .   (no shield)
rNeg    . . .      Spirit   .   a - +0 robe
rPois   .          Reflect  .   (helmet restricted)
rElec   .          Harm     .   (no cloak)
rCorr   .          Rampage  .   (gloves unavailable)
Will    .....                   (boots unavailable)
Stlth   +.........              (no amulet)
HPRegen 0.08/turn               b - ring of flight
MPRegen 0.09/turn               (no ring)

@: flying
A: large, unfitting armour, tough skin 1
a: no special abilities


You were on level 1 of the Dungeon.
You visited 1 branch of the dungeon, and saw 2 of its levels.

You collected 30 gold pieces.

Inventory:

Hand Weapons
 d - a +0 dagger (weapon)
Armour
 a - a +0 robe (worn)
Jewellery
 b - a ring of flight (left hand)
Scrolls
 e - a scroll of enchant armour {unknown}


   Skills:
 - Level 1.8 Dodging
 - Level 1.4 Stealth
 + Level 2.8 Spellcasting
 + Level 1.3 Transmutations
 + Level 3.1 Poison Magic


You had 5 spell levels left.
You knew the following spells:

 Your Spells              Type           Power      Damage    Failure   Level
a - Sting                 Tmut/Pois      36%        1d4       8%          1

Your spell library contained the following spells:

 Spells                   Type           Power      Damage    Failure   Level
 Poisonous Vapours        Pois/Air       14%        N/A       16%         2
 Mephitic Cloud           Conj/Pois/Air  5%         N/A       36%         3
 Olgreb's Toxic Radiance  Pois           12%        N/A       45%         4


Dungeon Overview and Level Annotations

Branches:
Dungeon (2/15)

Altars:


Innate Abilities, Weirdness & Mutations

You are too large for most types of armour.
You have tough skin. (AC +1)


Message History

The jackal bites you but does no damage.
Casting: Sting (safe; 8% risk of failure)
Confirm with . or Enter, or press ? or * to list all spells.
Aiming: Sting (safe; 8% risk of failure)
Press: ? - help, Shift-Dir - straight line, f/p - jackal
Aim: a jackal (moderately wounded, poisoned, 60% to hit)
The sting hits the jackal.
The jackal looks even sicker.
The jackal is severely wounded.
You kill the jackal!
The jackal bites you but does no damage. x2
The jackal closely misses you. The jackal barely misses you.
The jackal bites you but does no damage.
The jackal completely misses you.
You fly upwards.
There is a stone staircase leading down, spattered with blood here.
You aren't carrying any potions.
As you read the scroll labelled ZEAZOR TAUSTENN, it crumbles to dust.
You speak a Word of immense power!
It was a scroll of holy word.
The jackal bites you but does no damage.
The jackal closely misses you.
The jackal bites you but does no damage.
You hit the jackal.
The jackal is heavily wounded.
The jackal bites you but does no damage. x2
You hit the jackal.
You kill the jackal!
The jackal barely misses you.
Casting: Sting (safe; 8% risk of failure)
Confirm with . or Enter, or press ? or * to list all spells.
Aiming: Sting (safe; 8% risk of failure)
Press: ? - help, Shift-Dir - straight line, f - jackal
Aim: a jackal (60% to hit)
The sting hits the jackal.
The jackal is poisoned.
The jackal is lightly wounded.
The jackal bites you but does no damage.
The endoplasm hits you.
* * * LOW HITPOINT WARNING * * *
The jackal bites you.
You die...

.....##....##
##.#..##.....#
......#...##
#....###.....#
......# ### #..###
#.....# .....# #.)#
###.....# .⌠..#
#..##........# ..(#
#####............#
⌠.##
##..........#.....#
.### ##......†...##
##..# ###......h@...#
##...##........J#####
.............##.#
##.###.###...##...
#.....#.#........
#...$.#.####.#...#
.....>.....# #.##...
..)#.....#.# #(# ...
...#.....#.#


You could see an endoplasm and a jackal (poisoned).

Vanquished Creatures
  A ball python (D:1)
  2 bats (D:1)
  2 endoplasms
  3 goblins (D:1)
  A hobgoblin (D:1)
  3 jackals
  A kobold (D:1)
  A frilled lizard (D:1)
  2 rats (D:1)
16 creatures vanquished.

Notes
Turn   | Place    | Note
-------+----------+-------------------------------------------
     0 | D:1      | HessuHobo the Ogre Venom Mage began the quest for the Orb.
     0 | D:1      | Reached XP level 1. HP: 16/16 MP: 3/3
   132 | D:1      | Reached skill level 1 in Transmutations
   132 | D:1      | Reached skill level 3 in Poison Magic
   145 | D:1      | Reached XP level 2. HP: 19/24 MP: 1/5
   464 | D:2      | HP: 1/24 [jackal (1)]
   471 | D:1      | HP: 1/24 [endoplasm (1)]
   471 | D:1      | Slain by a jackal

Illustrated notes

Levels and vault maps discovered:
D:1:      dpeg_arrival_lava_temple_mockup, layout_rooms, minmay_fountain_box,
          st_stairs_3
D:2:      minmay_alternating_diamond, layout_loops_cross,
          shapermc_ecumenical_altar_hornbeckon

Skill      XL: |  1 |
---------------+----+-----
Transmutations | 1 |  1.3
Poison Magic   | 3 |  3.1
Dodging        | |  1.8
Stealth        | |  1.4
Spellcasting   | |  2.8

Action                   || total
-------------------------++-------
Melee: Unarmed           ||     4
       Dagger            ||    19
 Cast: Sting             ||    26
  Use: Scroll            ||     1
 Stab: Sleeping          ||     1
Armor: Robe              ||    28
Dodge: Dodged            ||    39

Table legend: (Time is in decaauts)
 A = Elapsed time spent in this place.
 B = Non-inter-level travel time spent in this place.
 C = Inter-level travel time spent in this place.
 D = Time resting spent in this place.
 E = Time spent auto-exploring this place.
 F = Levels seen in this place.
 G = Mean time per level.
                   A        B        C        D        E       F      G
               +--------+--------+--------+--------+--------+-----+--------+
         Total |    471 |    471 |      0 |    174 |     70 |   2 |  235.5 |
       Dungeon |    471 |    471 |      0 |    174 |     70 |   2 |  235.5 |
               +--------+--------+--------+--------+--------+-----+--------+

Top non-repeatable levels by time:
     D:1: 423 daAuts
     D:2: 48 daAuts
